 Dungeon Crawl Stone Soup version 0.31-a0-202-g547052bce9 (webtiles) character file.

Game seed: 11235519740745607100

39 qw the Shooter (level 3, 0/20 HPs)
             Began as a Deep Elf Hunter on June 26, 2023.
             Slain by a goblin
             ... wielding a +0 dagger
             ... led by Robin
              (3 damage)
             ... on level 2 of the Dungeon.
             The game lasted 00:00:26 (1188 turns).

qw the Shooter (Deep Elf Hunter)                    Turns: 1188, Time: 00:00:26

Health: 0/20       AC:  6    Str: 10    XL:     3   Next: 26%
Magic:  5/5        EV: 11    Int: 13    God:
Gold:   69         SH:  0    Dex: 18    Spells: 2/2 levels left

rFire   . . .        Y - +0 shortbow
rCold   . . .        (shield currently unavailable)
rNeg    . . .        h - +0 ring mail
rPois   .            (no helmet)
rElec   .            (no cloak)
rCorr   .            e - +0 pair of gloves
SInv    .            (no boots)
Will    .....        (no amulet)
Stlth   +            (no ring)
HPRegen 0.23/turn    (no ring)
MPRegen 0.09/turn

%: no passive effects
@: no status effects
A: no striking features
a: no special abilities


You were on level 2 of the Dungeon.
You visited 1 branch of the dungeon, and saw 2 of its levels.

You collected 69 gold pieces.


   Skills:
 - Level 1.5 Fighting
 + Level 6.8 Ranged Weapons
 - Level 2.4 Dodging
 - Level 1.2 Stealth


You had 2 spell levels left.
You didn't know any spells.
Your spell library was empty.

Inventory:

Hand Weapons
 Y - a +0 shortbow (weapon)
Armour
 e - a +0 pair of gloves (worn)
 h - a +0 ring mail (worn)
Scrolls
 a - a scroll of teleportation {unknown}
 b - a scroll of immolation {unknown}
Potions
 f - 4 potions of curing {unknown}

Dungeon Overview and Level Annotations

Branches:
Dungeon (2/15)

Altars:

Shops:
D:1 :

Annotations:
D:2 Robin


Message History

The goblin attacks as you move away! The goblin barely misses you.
The goblin attacks as you move away! The goblin misses you.
There is an open door here.
You shoot an arrow. The arrow closely misses the goblin.
The goblin hits you but does no damage. x2
You shoot an arrow. The arrow closely misses the goblin.
The goblin hits you but does no damage. The goblin closely misses you.
You shoot an arrow. The arrow hits the goblin!
You kill the goblin!
Robin roars a battlecry!
The goblins go into a battle-frenzy!
The goblin closely misses you. x3
You shoot an arrow. The arrow hits the goblin.
The goblin is moderately wounded.
The goblin unwields a +0 sling.
The goblin wields a +0 dagger.
The goblin closely misses you. The goblin barely misses you.
The goblin closely misses you.
You shoot an arrow. The arrow hits the goblin.
You kill the goblin!
The goblin barely misses you. The goblin hits you with a +0 dagger.
Robin's horned helmet rattles.
You shoot an arrow. The arrow barely misses the hobgoblin.
The arrow hits Robin.
Robin is lightly wounded.
The goblin closely misses you.
A goblin comes into view. It is wielding a +0 club.
The goblin hits you but does no damage. The hobgoblin barely misses you.
Robin throws the goblin at you!
You shoot an arrow. The arrow misses the goblin.
The goblin barely misses you. The goblin hits you but does no damage.
The goblin closely misses you. Robin closely misses you.
You shoot an arrow. The arrow misses the goblin.
Robin barely misses you. The goblin hits you with a +0 club.
A hobgoblin comes into view.
The hobgoblin closely misses you.
A goblin comes into view. It is wielding a +0 club.
The goblin hits you with a +0 dagger. The goblin barely misses you.
The hobgoblin misses you. The goblin hits you but does no damage.
Robin hits you from afar with a +0 spear.
The goblin hits you with a +0 dagger.
You die...

##.#.#####........#
.....#......#######
###..#.###### # #~##.# #
#~##.# #
#~##.################ #
#~~#................. #
#~~#.........g########
###~~#......<.gg@g......
#~##~#.........g########
#~##~#........g)#
#~##~#.........g#
#~##~#.........g..
#~~#~#....####....
~#~#~# .. #.g... ~#~#~#
#....g. ~#~~## #....ggg


You could see Robin, 3 hobgoblins and 5 goblins.

Vanquished Creatures
  7 ball pythons
  4 endoplasms
  5 goblins
  4 hobgoblins
  2 kobolds (D:1)
  5 bats (D:1)
  4 frilled lizards (D:1)
  5 rats
36 creatures vanquished.

Notes
Turn   | Place    | Note
-------+----------+-------------------------------------------
     0 | D:1      | qw the Deep Elf Hunter began the quest for the Orb.
     0 | D:1      | Reached XP level 1. HP: 12/12 MP: 3/3
     0 | D:1      | 0 ||| qw: Version: 0.3-a-22-g0ed2b0b
     0 | D:1      | 0 ||| qw: Game counter: 6163
     0 | D:1      | 0 ||| qw: Melee chars always use a shield: true
     0 | D:1      | 0 ||| qw: God list: Okawaru
     0 | D:1      | 0 ||| qw: Allow faded altars: false
     0 | D:1      | 0 ||| qw: Do Orc after clearing Dungeon:15 true
     0 | D:1      | 0 ||| qw: Do second Lair branch before Depths: true
     0 | D:1      | 0 ||| qw: Lair rune preference: random
     0 | D:1      | 0 ||| qw: Goals: Normal
     0 | D:1      | 0 ||| PLANNING D:1-11
   129 | D:1      | Found Ypniu's Book Emporium.
   165 | D:1      | Reached XP level 2. HP: 16/16 MP: 4/4
   184 | D:1      | Reached skill level 6 in Ranged Weapons
   207 | D:1      | 207 ||| UPGRADING to +0 pair of gloves.
   501 | D:1      | Reached XP level 3. HP: 20/20 MP: 5/5
   761 | D:1      | 761 ||| UPGRADING to +0 ring mail.
   771 | D:1      | 771 ||| DROPPING +0 leather armour.
   772 | D:1      | 772 ||| READING scroll labelled DAWOARYIMN.
   773 | D:1      | 773 ||| READING scroll labelled YDOGIU KEULL.
   774 | D:1      | 774 ||| DROPPING scroll of butterflies.
  1176 | D:2      | Noticed Robin
  1177 | D:2      | 1177 ||| Stepping ~*~*~tactically~*~*~ (outnumbered).
  1180 | D:2      | 1180 ||| Stepping ~*~*~tactically~*~*~ (outnumbered).
  1188 | D:2      | HP: 5/20 [goblin/+0 dagger[Robin] (1)]
  1188 | D:2      | Slain by a goblin

Levels and vault maps discovered:
D:1:      lordsloth_arrival_two_stooges, layout_loops_ring, serial_shops, shop,
          chequers_big_river
D:2:      layout_basic, chequers_serial_rivers_large_b, uniq_robin

Skill      XL: |  1  2 |
---------------+-------+-----
Ranged Weapons | 6 |  6.8
Fighting       | |  1.5
Dodging        | |  2.4
Stealth        | |  1.2

Action                     || total
---------------------------++-------
   Fire: Shortbow          ||    86
    Use: Scroll            ||     2
 Armour: Leather armour    ||     5
         Ring mail         ||     8
  Dodge: Dodged            ||    44

Table legend:
 A = Non-vault XP
 B = Vault XP
 C = Vault XP percentage of total XP
 D = Non-vault monster count
 E = Vault monster count
 F = Vault count percentage of total count
                 A         B        C        D         E       F
            +---------+---------+-------+---------+---------+-------
      Total |      50 |       6 |  10.7 |      33 |       3 |   8.3
            +---------+---------+-------+---------+---------+-------
        D:1 |      41 |       0 |   0.0 |      28 |       0 |   0.0
        D:2 |       9 |       6 |  40.0 |       5 |       3 |  37.5
            +---------+---------+-------+---------+---------+-------
